 Dungeon Crawl Stone Soup version 0.29.1-4-g47bece8355 (webtiles) character file.

Game seed: 7404522097547390606

189 ChadusMaximus the Caller (level 6, -5/41 HPs)
             Began as a Human Summoner on Dec 6, 2022.
             Slain by a sky beast (6 damage)
             ... on level 4 of the Dungeon.
             The game lasted 00:06:46 (4593 turns).

ChadusMaximus the Caller (Human Summoner)           Turns: 4593, Time: 00:06:46

Health: -5/41      AC:  4    Str:  9    XL:     6   Next: 0%
Magic:  4/10       EV: 12    Int: 17    God:
Gold:   158        SH:  0    Dex: 13    Spells: 5/11 levels left

rFire   . . .      SeeInvis .   c - +0 dagger
rCold   . . .      Faith    .   (no shield)
rNeg    . . .      Spirit   .   i - +0 leather armour
rPois   .          Reflect  .   (no helmet)
rElec   .          Harm     .   n - +0 cloak
rCorr   .          Rampage  .   (no gloves)
Will    .....                   (no boots)
Stlth   ++........              (no amulet)
HPRegen 0.13/turn               j - ring of wizardry
MPRegen 0.12/turn               (no ring)

@: no status effects
A: no striking features
a: no special abilities


You were on level 4 of the Dungeon.
You visited 1 branch of the dungeon, and saw 4 of its levels.

You collected 158 gold pieces.

Inventory:

Hand Weapons
 c - a +0 dagger (weapon)
Armour
 a - a +0 robe
 i - a +0 leather armour (worn)
 n - a +0 cloak (worn)
Jewellery
 j - a ring of wizardry (left hand)
Scrolls
 d - a scroll of torment {unknown}
 g - 2 scrolls of magic mapping {unknown}
 k - 3 scrolls of fog {unknown}
 m - a scroll of vulnerability {unknown}
 o - a scroll of teleportation {unknown}
 q - a scroll of enchant weapon {unknown}
 r - a scroll of noise {unknown}
 s - 2 scrolls of identify {unknown}
 u - a scroll of poison {unknown}
 v - a scroll of immolation {unknown}
Potions
 b - 2 potions of magic
 e - a potion of curing
 f - a potion of invisibility {unknown}
 h - 2 potions of lignification {unknown}
 l - a potion of mutation {unknown}
 p - a potion of experience {unknown}
 t - a potion of heal wounds {unknown}
 w - a potion of might {unknown}
 x - a potion of resistance
 z - a potion of attraction {unknown}


   Skills:
 - Level 2.4 Dodging
 - Level 2.5 Stealth
 + Level 3.3 Spellcasting
 * Level 5.6 Summonings


You had 5 spell levels left.
You knew the following spells:

 Your Spells              Type           Power      Damage    Failure   Level
a - Summon Small Mammal   Summ           84%        N/A       1%          1
b - Call Canine Familiar  Summ           21%        N/A       2%          3
c - Call Imp              Summ           21%        N/A       1%          2

Your spell library contained the following spells:

 Spells                   Type           Power      Damage    Failure   Level
 Summon Guardian Golem    Hex/Summ       12%        N/A       9%          3
 Apportation              Tloc           4%         N/A       10%         1
 Blink                    Tloc           4%         N/A       16%         2
 Lesser Beckoning         Tloc           2%         N/A       28%         3
 Summon Lightning Spire   Summ/Air       12%        N/A       28%         4
 Alistair's Intoxication  Tmut/Pois      1%         N/A       92%         5
 Manifold Assault         Tloc           2%         N/A       92%         5


Dungeon Overview and Level Annotations

Branches:
Dungeon (4/15)
 Temple: D:4-7

Altars:
Qazlal
Uskayaw


Message History

Confirm with . or Enter, or press ? or * to list all spells.
You swap places.
Something hits your quokka. Something shocks your quokka.
Your quokka dies!
Your quokka's corpse disappears in a puff of smoke!
You hit something but do no damage. Something hits you but does no damage.
You miss something. Something hits you. Something shocks you.
Unknown command.
You miss something. Something hits you but does no damage.
You hit something but do no damage.
A sky beast appears from thin air!
Reactivating autopickup.
The sky beast barely misses you.
You miss the sky beast.
The sky beast is almost dead.
Your quokka misses the sky beast.
The sky beast hits you but does no damage.
You hit the sky beast.
The sky beast is almost dead.
Your quokka misses the sky beast.
Your quokka completely misses the sky beast.
The sky beast barely misses you.
You miss the sky beast.
The sky beast is almost dead.
Your quokka bites the sky beast.
The sky beast flickers out of sight!
Deactivating autopickup; reactivate with Ctrl-A.
Something hits you. Something shocks you.
You hit something but do no damage. Something hits you. Something shocks you.
You barely miss something. Something hits you but does no damage.
You hit something but do no damage. Something hits you. Something shocks you.
* * * LOW HITPOINT WARNING * * *
You closely miss something. Something hits you.
* * * LOW HITPOINT WARNING * * *
Something shocks you.
* * * LOW HITPOINT WARNING * * *
You hit something. Something hits you but does no damage.
Unknown command.
You miss something. Something hits you.
* * * LOW HITPOINT WARNING * * *
Something shocks you.
You die...

##### ... #.#
###.####r####
.......@{..<#
###.####.##.#
#.##...
........#
####.....#
......#
##...## #...#


You could see a friendly quokka (summoned).

Vanquished Creatures
  5 orcs
  A giant cockroach (D:2)
  2 hobgoblins
  3 jackals (D:1)
  2 kobolds
  2 quokkas
  3 bats (D:1)
  6 goblins
  2 rats
26 creatures vanquished.

Vanquished Creatures (collateral kills)
  An orc priest (D:3)
  An orc wizard (D:2)
  3 adders
  A gnoll (D:1)
  12 orcs
  A ball python (D:1)
  4 bats
  6 endoplasms
  A giant cockroach (D:2)
  2 goblins
  5 hobgoblins
  4 jackals (D:3)
  3 frilled lizards
  5 kobolds
  2 rats
51 creatures vanquished.

Grand Total: 77 creatures vanquished

Notes
Turn   | Place    | Note
-------+----------+-------------------------------------------
     0 | D:1      | ChadusMaximus the Human Summoner began the quest for the
                  | Orb.
     0 | D:1      | Reached XP level 1. HP: 13/13 MP: 3/3
   168 | D:1      | Found a faded altar of an unknown god.
   211 | D:1      | Reached XP level 2. HP: 19/19 MP: 0/5
  1192 | D:1      | Reached XP level 3. HP: 24/24 MP: 4/6
  1904 | D:2      | Learned a level 3 spell: Call Canine Familiar
  1919 | D:2      | Learned a level 2 spell: Call Imp
  2129 | D:2      | Reached XP level 4. HP: 20/30 MP: 0/7
  2869 | D:2      | Identified the +8 short sword "Inidgh" {drain, rElec}
  2982 | D:2      | Found a stormy altar of Qazlal.
  3326 | D:3      | Reached skill level 5 in Summonings
  3326 | D:3      | Reached XP level 5. HP: 35/35 MP: 2/9
  4281 | D:3      | Noticed a +0 short sword
  4281 | D:3      | Noticed a +0 falchion
  4281 | D:3      | Noticed a +0 short sword
  4282 | D:3      | Noticed a +0 spear
  4282 | D:3      | Noticed a +0 falchion
  4283 | D:3      | Noticed a +0 dagger
  4284 | D:3      | Noticed a +0 spear
  4284 | D:3      | Noticed a +0 dagger
  4285 | D:3      | Found a hide-covered altar of Uskayaw.
  4373 | D:3      | Reached XP level 6. HP: 41/41 MP: 10/10
  4558 | D:4      | Noticed a sky beast
  4593 | D:4      | HP: 1/41 [something (3)]
  4593 | D:4      | Slain by a sky beast

Illustrated notes

Levels and vault maps discovered:
D:1:      erik_arrival_blinker_ship, layout_loops_ring,
          shapermc_ecumenical_altar_notcrosses, roderic_serpentine_path
D:2:      layout_loops_corners, basic_altar
D:3:      layout_loops_ring, nicolae_uskayaw_en_pointe
D:4:      layout_loops_cross, gammafunk_ghost_smash, small_statue_intersection

Skill      XL: |  1  2  3  4 |
---------------+-------------+-----
Spellcasting   | 3 |  3.3
Summonings     | 5 |  5.6
Dodging        | |  2.4
Stealth        | |  2.5

Action                   |  1- 3 |  4- 6 || total
-------------------------+-------+-------++-------
Melee: Dagger            |    74 |    87 ||   161
       Punch             |     1 |       ||     1
 Cast: Summon Small Mamm |    44 |    13 ||    57
       Call Canine Famil |     3 |    15 ||    18
       Call Imp          |     1 |     7 ||     8
  Use: Potion            |       |     1 ||     1
 Stab: Sleeping          |     1 |     1 ||     2
       Distracted        |       |     1 ||     1
Armor: Robe              |    18 |       ||    18
       Leather armour    |    33 |    28 ||    61
Dodge: Dodged            |    79 |    69 ||   148
